Map: Para Site LE

Players

ShoWTimE

  • Race: Protoss Protoss
  • League: Grandmaster
  • Spawn Location: 5:00

llllllllllll (GuMiho) - Winner!

  • Race: Terran Terran
  • Spawn Location: 11:00

Event: IEM Season 13 - Katowice Server Qualifiers Europe

VOD

Have the link to the VOD?

Description

Time

  • Played on: Jan. 8, 2019, 11:42 a.m.
  • Length: 8:36

All games in this series

Show
View Real Time Build Order
Export as new Build Order

ShoWTimE Protoss 

Build Orders: 1 Gate Expand, Oracle Opening, Blink Stalkers, Colossus Rush 

Get SALT Encoding   

  12  0:00  Probe  
  13  0:12  Probe  
  14  0:17  Pylon  
  14  0:24  Probe  
  15  0:32  Probe  
  15  0:38  Gateway  
  15  0:40  Probe  
  16  0:46  Assimilator  
  17  0:51  Probe  
  18  1:03  Probe  
  19  1:15  Probe  
  20  1:26  Cybernetics Core  
  20  1:35  Nexus  
  20  1:39  Probe  
  21  1:45  Pylon  
  21  1:51  Probe  
  21  1:53  Assimilator  
  22  1:54  Adept  
  22  2:03  Probe  
  22  2:07  Warp Gate  
  25  2:13  Sentry  
  25  2:16  Probe  
  28  2:28  Probe  
  29  2:36  Oracle  
  29  2:40  Probe  
  29  2:42  Twilight Council  
  30  2:46  Probe  
  30  2:48  Stalker  
  33  2:52  Probe  
  33  2:54  Probe  
  34  3:04  Probe x2  
  36  3:10  Blink  
  37  3:12  Gateway  
  37  3:15  Gateway  
  37  3:16  Probe  
  37  3:17  Probe  
  39  3:27  Stalker  
  39  3:28  Probe  
  39  3:31  Probe  
  43  3:35  Pylon  
  43  3:41  Probe  
  44  3:43  Probe  
  45  3:53  Probe  
  45  3:55  Probe  
  45  4:05  Probe  
  45  4:06  Probe  
  45  4:07  Robotics Facility  
  45  4:08  Assimilator  
  46  4:12  Assimilator  
  46  4:13  Probe  
  46  4:15  Probe  
  46  4:16  Pylon  
  47  4:21  Probe  
  47  4:23  Probe  
  50  4:31  Probe  
  50  4:32  Phoenix  
  50  4:33  Pylon  
  50  4:34  Probe, Stalker x2  
  56  4:45  Probe  
  57  4:48  Observer  
  57  4:55  Robotics Bay  
  57  4:58  Pylon  
  57  4:59  Forge  
  58  5:01  Sentry  
  58  5:05  Nexus  
  60  5:07  Charge  
  60  5:08  Warp Prism  
  60  5:13  Probe  
  63  5:14  Probe  
  64  5:25  Probe  
  64  5:26  Probe  
  66  5:33  Protoss Ground Weapons Level 1  
  66  5:35  Pylon, Stalker x2  
  70  5:37  Colossus  
  70  5:38  Zealot  
  78  5:53  Probe x2  
  78  5:56  Extended Thermal Lance  
  80  6:00  Zealot  
  80  6:02  Zealot  
  84  6:06  Zealot  
  86  6:14  Pylon  
  86  6:16  Probe x2  
  86  6:18  Pylon  
  88  6:24  Zealot x2  
  88  6:25  Probe  
  93  6:28  Probe  
  90  6:33  Stalker  
  90  6:34  Colossus  
  90  6:37  Probe  
  90  6:38  Observer  
  88  6:40  Probe  
  88  6:46  Probe  
  94  6:48  Probe  
  94  6:49  Probe  
  94  6:52  Pylon  
  96  6:55  Stalker  
  96  6:58  Probe x2, Shield Battery  
  96  7:01  Probe  
  100  7:03  Stalker  
  100  7:06  Stalker  
  104  7:12  Pylon  
  104  7:14  Gateway  
  104  7:16  Colossus, Gateway  
  104  7:20  Gateway  
  104  7:23  Pylon  
  104  7:25  Gateway  
  104  7:28  Probe  
  111  7:40  Zealot  
  113  7:44  Zealot  
  113  7:46  Zealot  
  113  7:49  Pylon  
  117  7:59  Pylon  
  117  8:02  Gateway  
  117  8:06  Zealot x3  
  120  8:13  Zealot x2  
  106  8:22  Zealot x2  
  100  8:31  Zealot x2  
  100  8:32  Zealot  
Show
View Real Time Build Order
Export as new Build Order

llllllllllll Terran - Winner!

Build Orders: Reaper Expand 

Get SALT Encoding   

  12  0:01  SCV  
  13  0:13  SCV  
  14  0:17  Supply Depot  
  14  0:25  SCV  
  15  0:38  SCV  
  15  0:41  Barracks  
  16  0:44  Refinery  
  16  0:51  SCV  
  17  1:03  SCV  
  18  1:15  SCV  
  19  1:27  Orbital Command  
  19  1:30  Reaper  
  20  1:42  Command Center  
  20  1:49  Supply Depot  
  20  1:53  SCV  
  21  2:01  Marine  
  21  2:05  SCV  
  21  2:07  Factory  
  23  2:12  Refinery  
  23  2:17  SCV  
  23  2:20  Barracks Tech Lab  
  24  2:29  SCV  
  25  2:39  Marauder  
  25  2:42  SCV  
  28  2:51  Hellion, Starport  
  30  2:55  Orbital Command  
  30  2:56  SCV  
  31  3:08  SCV  
  31  3:09  Barracks Tech Lab  
  32  3:19  Cyclone  
  35  3:20  SCV  
  35  3:21  SCV  
  37  3:30  Barracks  
  37  3:31  Stimpack  
  37  3:32  Barracks  
  37  3:34  SCV x2  
  37  3:39  Supply Depot  
  39  3:43  Viking  
  39  3:46  SCV  
  42  3:56  SCV  
  42  3:59  Marine, SCV  
  42  4:01  Widow Mine  
  42  4:02  Refinery, Engineering Bay  
  44  4:08  SCV  
  45  4:11  SCV  
  45  4:16  Starport Reactor, Bunker  
  44  4:18  Barracks Reactor  
  44  4:19  Barracks Reactor  
  44  4:21  SCV  
  44  4:23  SCV  
  46  4:24  Supply Depot  
  46  4:25  Marine  
  47  4:33  SCV  
  47  4:34  Terran Infantry Weapons Level 1  
  47  4:35  SCV, Supply Depot  
  49  4:46  Marine  
  49  4:47  SCV x2  
  49  4:49  Siege Tank  
  49  4:51  Supply Depot  
  55  4:57  Supply Depot  
  55  4:59  Marine x2, SCV x2  
  59  5:00  Marine  
  59  5:02  Marine  
  59  5:06  Marine  
  62  5:11  SCV  
  62  5:13  Medivac x2  
  67  5:15  Supply Depot  
  67  5:18  Marine x2  
  67  5:19  Marine  
  70  5:21  Marine  
  70  5:24  Marine  
  72  5:28  Siege Tank  
  72  5:30  SCV x2  
  72  5:31  Supply Depot  
  77  5:36  Marine x2  
  77  5:37  Marine  
  77  5:39  Marine  
  77  5:40  Combat Shield  
  77  5:42  Marine  
  82  5:49  Command Center  
  82  5:53  Refinery  
  82  5:59  Barracks  
  82  6:02  Barracks  
  82  6:03  Siege Tank  
  85  6:05  SCV x2  
  85  6:07  Marine x2  
  89  6:12  Supply Depot  
  89  6:13  Marine x2  
  89  6:14  Marine  
  92  6:18  Medivac  
  92  6:24  Marine  
  92  6:25  Marine  
  92  6:30  Marine  
  92  6:31  Marine  
  92  6:32  Marine  
  94  6:37  SCV x2  
  92  6:40  Siege Tank  
  92  6:42  Marine x2  
  95  6:48  Marine x2  
  95  6:49  SCV  
  95  6:52  Viking  
  100  6:56  Viking  
  100  6:58  Barracks Reactor  
  100  6:59  Barracks Tech Lab  
  102  7:01  SCV  
  102  7:02  SCV  
  102  7:06  Orbital Command  
  104  7:15  Siege Tank  
  107  7:17  SCV x2  
  107  7:21  Marauder x2  
  107  7:22  Concussive Shells  
  113  7:24  Refinery  
  113  7:25  Supply Depot  
  113  7:27  Supply Depot  
  113  7:34  Marine x4  
  113  7:36  Viking  
  119  7:39  Viking  
  119  7:44  SCV x3  
  124  7:52  Marauder x2  
  128  8:02  Marine x2  
  128  8:04  Marine x2  
  128  8:05  Marine x2  
  128  8:13  Marauder  
  128  8:14  Marauder  
  128  8:17  SCV x3  

Tags
 
Add a new tag
Caveats
  • Supply blocks, unpowered buildings, or Contaminate may cause inaccurate times.
  • Supply counts are checked every 10 seconds.